 Dungeon Crawl Stone Soup version 0.30.0-18-gc0e69614cb (webtiles) character file.

Game seed: 17213822579691111283

57777 safid the Gelid (level 14, -13/117 (118) HPs)
             Began as a Merfolk Ice Elementalist on May 24, 2023.
             Was a High Priest of Vehumet.
             Mangled by a komodo dragon (19 damage)
             ... on level 5 of the Lair of Beasts.
             The game lasted 01:04:33 (26952 turns).

safid the Gelid (Merfolk Ice Elementalist)         Turns: 26952, Time: 01:04:34

HP:   -13/117 (118) AC: 11    Str:  8 (9)  XL:     14   Next: 87%
MP:   25/29         EV: 12    Int: 18 (19) God:    Vehumet [*****.]
Gold: 1928          SH:  4    Dex: 11 (14) Spells: 21/35 levels left

rFire   . . .        d - +5 spear (venom)
rCold   + + .        G - +0 buckler of Dice, Bag, and Bottle {rPois rC++ Will+}
rNeg    + . .        a - +0 robe
rPois   +            p - +2 helmet
rElec   .            i - +2 cloak
rCorr   .            g - +1 pair of gloves
SInv    .            o - +0 pair of boots
Will    +++++        N - amulet of the Four Winds {rN+ Will+++ Clar}
Stlth   ++           l - ring of wizardry
HPRegen 0.39/turn    Q - ring of flight
MPRegen 0.21/turn

%: clarity, wizardry (x1)
@: flying, lightly drained
A: (nimble swimmer 2), mertail
a: Renounce Religion


You were on level 5 of the Lair of Beasts.
You worshipped Vehumet.
Vehumet was extremely pleased with you.
You visited 4 branches of the dungeon, and saw 21 of its levels.
You also visited: Sewer and Bailey.

You collected 1928 gold pieces.

Inventory:

Hand Weapons
 d - a +5 spear of venom (weapon)
Missiles
 B - 4 curare-tipped darts
 E - 9 throwing nets
Armour
 a - a +0 robe (worn)
 g - a +1 pair of gloves (worn)
 i - a +2 cloak (worn)
 o - a +0 pair of boots (worn)
 p - a +2 helmet (worn)
 G - the +0 buckler of Dice, Bag, and Bottle (worn) {rPois rC++ Will+}
   (You found it in a bailey)

   rC:        It greatly protects you from cold.
   rPois:     It protects you from poison.
   Will:      It increases your willpower.
 H - the +5 crystal plate armour of the Orb {Int+3}
   (You found it in a bailey)

   Int:       It affects your intelligence (+3).
Jewellery
 l - a ring of wizardry (left hand)
 N - the amulet of the Four Winds (around neck) {rN+ Will+++ Clar}
   (You found it on level 10 of the Dungeon)

   [amulet of nothing]

   rN:        It protects you from negative energy.
   Clar:      It protects you from confusion, rage, mesmerisation and fear.
   Will:      It greatly increases your willpower.
 Q - a ring of flight (right hand)
 T - an amulet of regeneration
Wands
 n - a wand of roots (21)
 D - a wand of flame (24)
 I - a wand of polymorph (7)
 K - a wand of light (5)
 O - a wand of mindburst (11)
 P - a wand of paralysis (9)
Scrolls
 f - 6 scrolls of fog
 h - 6 scrolls of teleportation
 j - 3 scrolls of fear
 r - 4 scrolls of amnesia
 t - 3 scrolls of magic mapping
 v - a scroll of silence
 x - a scroll of brand weapon
 y - a scroll of blinking
 S - 2 scrolls of enchant weapon
Potions
 b - 4 potions of magic
 c - a potion of attraction {unknown}
 e - 3 potions of invisibility {unknown}
 k - 8 potions of lignification
 m - 3 potions of might
 q - 5 potions of flight
 s - 2 potions of haste
 u - 2 potions of cancellation
 w - 4 potions of berserk rage {unknown}
 z - 2 potions of ambrosia {unknown}
 A - 3 potions of resistance
 L - 4 potions of brilliance
 R - 2 potions of degeneration


   Skills:
 - Level 13.0 Fighting
 - Level 4.0 Dodging
 - Level 2.1 Stealth
 - Level 4.0 Shields
 - Level 11.0 Spellcasting
 + Level 2.6 Conjurations
 + Level 3.5 Translocations
 + Level 19.8 Ice Magic
 - Level 2.0 Air Magic
 + Level 1.4 Evocations


You had 21 spell levels left.
You knew the following spells:

 Your Spells              Type           Power      Damage    Failure   Level
a - Freeze                Ice            100%       1d10      0%          1
b - Frozen Ramparts       Ice            100%       1d16      0%          3
c - Ozocubu's Armour      Ice            69%        N/A       0%          3
d - Blink                 Tloc           44%        N/A       1%          2
e - Freezing Cloud        Conj/Ice/Air   19%        6-21      1%          5

Your spell library contained the following spells:

 Spells                   Type           Power      Damage    Failure   Level
 Conjure Ball Lightning   Conj/Air       9%         3x3d6     47%         6
 Magic Dart               Conj           76%        1d6       1%          1
 Shock                    Conj/Air       72%        1d7       1%          1
 Lesser Beckoning         Tloc           44%        N/A       1%          2
 Momentum Strike          Conj/Tloc      42%        3d9       1%          2
 Searing Ray              Conj           38%        2d5       1%          2
 Summon Ice Beast         Ice/Summ       45%        N/A       1%          4
 Dazzling Flash           Conj/Hex       28%        N/A       2%          3
 Metabolic Englaciation   Hex/Ice        22%        N/A       2%          5
 Gell's Gravitas          Tloc           22%        N/A       3%          3
 Teleport Other           Tloc           22%        N/A       3%          3
 Airstrike                Air            8%         2d(2-18)  5%          4
 Swiftness                Air            17%        N/A       6%          3
 Fulminant Prism          Conj/Hex       7%         3d7       7%          4
 Manifold Assault         Tloc           22%        N/A       11%         4
 Leda's Liquefaction      Hex/Erth       4%         N/A       38%         4
 Petrify                  Tmut/Erth      9%         N/A       38%         4
 Silence                  Hex/Air        6%         N/A       58%         5
 Agony                    Necr           9%         N/A       71%         5
 Dispersal                Tloc           11%        N/A       80%         6
 Statue Form              Tmut/Erth      6%         N/A       99%         6
 Storm Form               Tmut/Air       6%         N/A       100%        7
 Shatter                  Erth           4%         3d8*      100%        9


Dungeon Overview and Level Annotations

Branches:
Dungeon (13/15)            Temple (1/1) D:5            Lair (5/5) D:10
  Swamp (0/4) Lair:3        Snake (0/4) Lair:3          Orc (2/2) D:10
    Elf (0/3) Orc:2         Sewer (visited)          Bailey (visited)
  Slime: Lair:4-5    Vaults: D:13-14

Altars:
Ashenzari
Cheibriados
Dithmenos
Elyvilon
Fedhas
Gozag
Hepliaklqana
Kikubaaqudgha
Makhleb
Nemelex Xobeh
Okawaru
Qazlal
Ru
Sif Muna
Trog
Uskayaw
Vehumet
Wu Jian
Xom
Yredelemnul
Zin
The Shining One

Shops:
D:9 *   Orc:2 (*[:

Annotations:
D:9 1 runed translucent door, TrollFarmer's ghost, journeyman MiFi


Innate Abilities, Weirdness & Mutations

((You are very nimble when in or above water. (Stealth+, EV+, Speed+++)))
Your lower body shifts to a powerful aquatic tail in water.


Message History

Okay, then.
Unknown command.
Casting: Blink (safe; 1% risk of failure)
Confirm with . or Enter, or press ? or * to list all spells.
A film of ice covers your body! The dream sheep bites you.
* * * LOW HITPOINT WARNING * * *
The dream sheep bites you!
* * * LOW HITPOINT WARNING * * *
The dream sheep closely misses you.
The dream sheep bites you but does no damage. x2
The dream sheep barely misses you.
You feel stable enough to blink again.
The dream sheep bites you but does no damage.
You block the dream sheep's attack.
The dream sheep bites you but does no damage.
The dream sheep barely misses you.
The dream sheep bites you but does no damage. x2
Unknown command.
Unknown command.
Unknown command.
Unknown command.
Unknown command.
Unknown command.
Unknown command.
You feel better.
Your surroundings suddenly seem different.
Your icy armour cracks and falls away as you move. 2 boggarts, 3 bears, 4 spriggans and a komodo dragon come into view.
A spriggan is wielding a +1 rapier of electrocution.
You have identified the last wand.
Found a robe, a wand of digging (7) and 24 gold pieces.
The black bear growls angrily.
The boggart shouts!
The spriggan shouts!
The boggart shouts!
The spriggan shouts!
The polar bear growls angrily.
The komodo dragon hisses angrily.
You hear an angry growl.
A polar bear comes into view.
The polar bear bites you!
* * * LOW HITPOINT WARNING * * *
The polar bear claws you but does no damage.
The polar bear misses you. The komodo dragon bites you!!
You die...

♣ ♣♣.
♣.. ..♣
♣♣♣♣.♣♣
♣.i..h♣
♣[.i@.♣
♣8/.gl♣
♣hg...♣
♣.i.h.♣
♣♣..i.♣
♣♣.♣♣♣
.. .h


You could see 3 polar bears, a komodo dragon, a black bear, 4 spriggans and 2
boggarts.

Vanquished Creatures
  An orc warlord (Orc:2)
  An ice dragon (Lair:4)
  Harold (D:9)
  A hydra (Lair:3)
  4 two-headed ogres (D:10)
  2 centaur warriors (D:13)
  3 boulder beetles
  5 death yaks
  5 orc high priests
  A deep elf zephyrmancer (Bailey)
  3 ugly things
  3 orc sorcerers
  4 orc knights
  2 manticores
  A cyclops (D:11)
  3 black mambas
  2 torpor snails
  12 elephants
  Joseph (D:9)
  3 gargoyles (D:10)
  8 cane toads
  3 rime drakes
  An efreet (D:10)
  3 komodo dragons
  A tengu conjurer (D:10)
  A troll (Orc:2)
  2 polar bears
  A hornet (D:9)
  8 blink frogs (Lair:3)
  Prince Ribbit (D:9)
  8 dream sheep
  2 shadows (D:10)
  6 wraiths
  5 wyverns
  47 yaks
  4 basilisks
  A steam dragon (D:6)
  2 vampire mosquitoes (D:12)
  3 wargs
  An acid dragon (D:13)
  18 water moccasins
  A black bear (shapeshifter) (D:13)
  36 orc warriors
  An ice beast (D:6)
  A hornet zombie (D:8)
  A sky beast (D:6)
  4 ogres
  20 wolves
  6 centaurs
  12 kobold brigands
  A phantom (D:5)
  14 bullfrogs
  4 gnoll sergeants
  5 scorpions
  3 necrophages (D:8)
  5 wights (D:8)
  3 killer bees (D:10)
  4 howler monkeys (D:8)
  2 centaur zombies (D:8)
  2 quasits (D:8)
  A hound (D:4)
  13 orc priests
  A sleepcap (D:6)
  A gnoll bouda (D:7)
  4 iguanas
  17 orc wizards
  6 hell rats (Lair:5)
  A killer bee zombie (D:8)
  A howler monkey zombie (D:8)
  3 river rats
  22 gnolls
  5 adders
  4 shadow imps
  5 white imps
  An ufetubus (D:5)
  5 worms
  3 dart slugs
  67 orcs
  8 endoplasms
  4 giant cockroaches
  14 goblins
  9 hobgoblins
  3 quokkas
  13 ball pythons
  4 bats
  4 frilled lizards
  43 kobolds
  6 rats
577 creatures vanquished.

Vanquished Creatures (collateral kills)
  An orc high priest (Orc:2)
1 creature vanquished.

Grand Total: 578 creatures vanquished

Notes
Turn   | Place    | Note
-------+----------+-------------------------------------------
     0 | D:1      | safid the Merfolk Ice Elementalist began the quest for the
                  | Orb.
     0 | D:1      | Reached XP level 1. HP: 13/13 MP: 3/3
   405 | D:1      | Reached XP level 2. HP: 17/20 MP: 0/5
   421 | D:1      | Reached skill level 1 in Fighting
   651 | D:1      | Found a faded altar of an unknown god.
  1213 | D:2      | Reached XP level 3. HP: 26/26 MP: 6/6
  1739 | D:2      | Found a glowing golden altar of the Shining One.
  1942 | D:2      | Learned a level 3 spell: Frozen Ramparts
  1946 | D:2      | Learned a level 3 spell: Ozocubu's Armour
  1991 | D:3      | Reached XP level 4. HP: 33/33 MP: 5/8
  2033 | D:3      | Reached skill level 5 in Ice Magic
  2160 | D:3      | Reached XP level 5. HP: 16/39 MP: 0/9
  3044 | D:4      | HP: 2/40 [white imp/puff of frost (5)]
  3058 | D:4      | Reached XP level 6. HP: 31/47 MP: 1/11
  3862 | D:4      | Reached skill level 6 in Ice Magic
  4138 | D:5      | Entered Level 5 of the Dungeon
  4290 | D:5      | Reached XP level 7. HP: 50/54 MP: 6/13
  4478 | D:5      | Found a glowing drain.
  4483 | Sewer    | Entered a sewer
  4943 | Sewer    | Reached skill level 5 in Fighting
  4953 | Sewer    | Reached skill level 7 in Ice Magic
  5142 | D:5      | Reached skill level 5 in Spellcasting
  5142 | D:5      | Reached XP level 8. HP: 49/63 MP: 13/15
  5817 | D:5      | Found a staircase to the Ecumenical Temple.
  5828 | Temple   | Entered the Ecumenical Temple
  5835 | Temple   | Became a worshipper of Vehumet
  6073 | D:6      | Reached skill level 8 in Ice Magic
  6180 | D:6      | Reached XP level 9. HP: 62/71 MP: 11/18
  6308 | D:6      | Found a shimmering altar of Xom.
  6445 | D:6      | Found a white marble altar of Elyvilon.
  6970 | D:7      | Reached skill level 9 in Ice Magic
  7062 | D:7      | Reached * piety under Vehumet
  7062 | D:7      | Offered knowledge of Foxfire by Vehumet.
  7268 | D:7      | Found a flagged portal.
  7282 | Bailey   | Entered a bailey
  7357 | Bailey   | Noticed an orc knight
  7444 | Bailey   | Killed an orc knight
  7531 | Bailey   | Reached XP level 10. HP: 48/82 MP: 15/21
  7715 | Bailey   | Found a large runed translucent door.
  7715 | Bailey   | Found a large runed translucent door.
  7716 | Bailey   | Noticed a deep elf zephyrmancer
  7857 | Bailey   | Killed a deep elf zephyrmancer
  7858 | Bailey   | Reached skill level 10 in Ice Magic
  7876 | Bailey   | Identified the +0 buckler of Dice, Bag, and Bottle {rPois
                  | rC++ Will+}
  7878 | Bailey   | Identified the +5 crystal plate armour of the Orb {Int+3}
  8244 | D:8      | Offered knowledge of Poisonous Vapours by Vehumet.
  8248 | D:8      | Reached ** piety under Vehumet
  8299 | D:8      | Reached skill level 1 in Shields
  8615 | D:8      | Found a blossoming altar of Fedhas.
  8709 | D:8      | Offered knowledge of Hailstorm by Vehumet.
  8966 | D:8      | Found a bloodstained altar of Trog.
  9037 | D:8      | Found a glowing golden altar of the Shining One.
  9244 | D:9      | Noticed Harold
  9320 | D:9      | Found an ornate altar of the Wu Jian Council.
  9343 | D:9      | Found Suph's Gadget Gallery.
  9399 | D:9      | Killed Harold
  9400 | D:9      | Reached skill level 10 in Fighting
  9400 | D:9      | Noticed Joseph
  9427 | D:8      | Reached *** piety under Vehumet
  9556 | D:9      | Reached XP level 11. HP: 80/90 MP: 15/23
  9557 | D:9      | Reached skill level 11 in Ice Magic
  9631 | D:9      | Found a shimmering blue altar of Sif Muna.
  9631 | D:9      | Noticed Prince Ribbit
  9682 | D:9      | Killed Prince Ribbit
  9737 | D:9      | Killed Joseph
  9921 | D:9      | Found a runed translucent door.
  9927 | D:9      | Noticed TrollFarmer's ghost (journeyman MiFi)
  9945 | D:9      | Offered knowledge of Stone Arrow by Vehumet.
 10536 | D:10     | Entered Level 10 of the Dungeon
 10536 | D:10     | Noticed a two-headed ogre
 10548 | D:10     | Killed a two-headed ogre
 10684 | D:10     | Found a staircase to the Lair.
 10697 | D:10     | Identified the +3 leather armour of Anarchy {rF+ rN+ Will+
                  | Str+2}
 10777 | D:10     | Reached skill level 12 in Ice Magic
 10896 | D:10     | Noticed a two-headed ogre
 10915 | D:10     | Killed a two-headed ogre
 11108 | D:10     | Reached **** piety under Vehumet
 11111 | D:10     | Found a staircase to the Orcish Mines.
 11518 | D:10     | Noticed a two-headed ogre
 11519 | D:10     | Found the amulet of the Four Winds {rN+ Will+++ Clar}
 11559 | D:10     | Offered knowledge of Iskenderun's Battlesphere by Vehumet.
 11672 | D:10     | Reached skill level 10 in Spellcasting
 11699 | D:10     | Reached XP level 12. HP: 14/101 MP: 3/26
 11826 | D:10     | Killed a two-headed ogre
 12297 | D:10     | Noticed a two-headed ogre
 12304 | D:10     | Killed a two-headed ogre
 12984 | Lair:1   | Entered Level 1 of the Lair of Beasts
 13027 | Lair:1   | Noticed a boulder beetle
 13045 | Lair:1   | Killed a boulder beetle
 13046 | Lair:1   | Reached skill level 13 in Ice Magic
 13711 | Lair:1   | Learned a level 2 spell: Blink
 14189 | Lair:2   | Reached skill level 1 in Translocations
 14454 | Lair:2   | Noticed a death yak
 14455 | Lair:2   | Noticed a death yak
 14473 | Lair:2   | Killed a death yak
 14473 | Lair:2   | Killed a death yak
 14581 | Lair:2   | Got Roxanne's Directory of Bedrock
 14642 | Lair:2   | Reached skill level 14 in Ice Magic
 14926 | Lair:2   | Reached XP level 13. HP: 27/111 MP: 20/28
 15604 | Lair:3   | Reached skill level 15 in Ice Magic
 15808 | Lair:3   | Found a staircase to the Swamp.
 16047 | Lair:3   | Reached ***** piety under Vehumet
 16068 | Lair:3   | Offered knowledge of Freezing Cloud by Vehumet.
 16082 | Lair:3   | Learned a level 5 spell: Freezing Cloud
 16253 | Lair:3   | Reached skill level 16 in Ice Magic
 17266 | Lair:3   | Found a staircase to the Snake Pit.
 17378 | Lair:3   | Reached skill level 17 in Ice Magic
 17664 | Lair:4   | Noticed an ice dragon
 17749 | Lair:4   | Identified the +1 leather armour "Verhyjya" {rF+ rC- Dex+3
                  | Stlth+}
 19298 | Orc:1    | Entered Level 1 of the Orcish Mines
 19358 | Orc:1    | Reached XP level 14. HP: 91/117 MP: 24/29
 19456 | Orc:1    | Reached skill level 18 in Ice Magic
 19699 | Orc:2    | Entered Level 2 of the Orcish Mines
 19739 | Orc:2    | Found a staircase to the Elven Halls.
 19867 | Orc:2    | Found Sofoi's General Store.
 20334 | Orc:2    | Found Osairch's Book Shop.
 20358 | Orc:2    | Noticed an orc warlord
 20359 | Orc:2    | Found Regg's Antique Armour Emporium.
 20907 | Orc:2    | Killed an orc warlord
 20908 | Orc:2    | Reached skill level 19 in Ice Magic
 22283 | Orc:2    | Found Fivuh's Antique Weapon Shop.
 23581 | D:11     | Reached skill level 1 in Conjurations
 23581 | D:11     | Reached skill level 1 in Air Magic
 26331 | Lair:4   | Offered knowledge of Conjure Ball Lightning by Vehumet.
 26756 | Lair:5   | Entered Level 5 of the Lair of Beasts
 26887 | Lair:5   | Reached skill level 1 in Evocations
 26910 | Lair:5   | HP: 4/115 [black mamba (9)]
 26912 | Lair:5   | HP: 1/117 [poisoned by a black mamba]
 26952 | Lair:5   | Mangled by a komodo dragon

Illustrated notes

Levels and vault maps discovered:
D:1:      nzn_arrival_crosshair, layout_loops_corners,
          hellmonk_ecumenical_altar_leap_of_faith, st_stairs_5,
          nrook_mini_backslash
D:2:      layout_loops_ring, basic_altar, corexii_corridor_pit
D:3:      layout_basic
D:4:      layout_loops_ring
D:5:      cheibrodos_thug_alley, layout_rooms, minmay_temple_entry_proselytizer,
          lightli_sewer_entry_pipes, minmay_misc_feat_nine_boxes, dk_vineyard_3
D:6:      layout_loops_ring, mainiacjoe_overflow_large_starburst
D:7:      layout_gridville, enter_bailey_4, minivault_24, kennysheep_potato
D:8:      layout_cave_pools, mainiacjoe_overflow_tiny_flanked,
          fedhas_altar_decomposition, trog_hazing_becter, serial_demonic,
          serial_demonic_a, serial_demonic_g, serial_demonic_c, serial_demonic_g
D:9:      layout_basic, mainiacjoe_overflow_concentric_impassable,
          old_standard_altar, hellmonk_ghost_happy_afterlife,
          minmay_misc_feat_four_crosses, minmay_misc_feat_encased,
          nicolae_shop_gadgets, uniq_harold, uniq_prince_ribbit1, uniq_joseph
D:10:     kennysheep_windowed_halls, layout_long_grid, lair_entry_dummy,
          david_orc_2
D:11:     layout_irregular_city
D:12:     layout_loops_corners
D:13:     layout_loops_ring, uniq_frances
Temple:   nicolae_temple_no_exploring_needed
Lair:1:   layout_regular_city, minmay_holes, lemuel_fruit_tree,
          infiniplex_staircase_pool
Lair:2:   layout_cave_pods, serial_bayou_shore_b
Lair:3:   layout_chaotic_city, swamp_mist, dummy_snake_entry,
          patterned_corridor, grunt_megastairs_2
Lair:4:   layout_small_grid, minivault_27, bobbens_ice_dragon_lair
Lair:5:   minmay_lair_end_enchanted_forest, layout_hall_layers,
          minmay_slime_entry_oklob_enclosed, uniq_nessos
Orc:1:    layout_caves
Orc:2:    grunt_orc_gardens, layout_caves, grunt_orc_garden, grunt_orc_garden,
          grunt_orc_garden, grunt_orc_garden

Skill      XL: |  1  2  3  4  5  6  7  8  9 10 11 12 13 14 |
---------------+-------------------------------------------+-----
Fighting       | 1 2 3 4 5 6 8 10 11 13 | 13.0
Ice Magic      | 5 6 7 8 9 10 12 14 17 19 | 19.8
Spellcasting   | 3 4 5 6 7 8 10 11 | 11.0
Shields        | 4 |  4.0
Dodging        | 4 |  4.0
Translocations | 2 3 |  3.5
Conjurations   | 2 |  2.6
Air Magic      | 2 |  2.0
Evocations     | 1 |  1.4
Stealth        | |  2.1

Action                     |  1- 3 |  4- 6 |  7- 9 | 10-12 | 13-15 || total
---------------------------+-------+-------+-------+-------+-------++-------
  Melee: Club              |    20 |       |       |       |       ||    20
         Short sword       |    29 |    94 |       |       |       ||   123
         Punch             |     1 |     2 |     5 |       |       ||     8
         Falchion          |       |    25 |   180 |       |       ||   205
         Tailslap          |       |       |     7 |       |       ||     7
         Spear             |       |       |    83 |   535 |   703 ||  1321
   Cast: Freeze            |    46 |    20 |     4 |    20 |    22 ||   112
         Frozen Ramparts   |       |    14 |    29 |    73 |    98 ||   214
         Ozocubu's Armour  |       |     2 |    13 |    46 |    63 ||   124
         Blink             |       |       |       |       |     4 ||     4
  Evoke: Wand              |       |       |       |       |     5 ||     5
    Use: Potion            |       |     3 |       |     3 |     9 ||    15
         Scroll            |       |       |     9 |     8 |    13 ||    30
   Stab: Sleeping          |     2 |     1 |     4 |     3 |       ||    10
         Distracted        |       |       |       |     1 |       ||     1
 Armour: Robe              |    24 |    45 |    99 |   175 |   324 ||   667
  Dodge: Dodged            |    65 |   108 |   179 |   232 |   426 ||  1010
  Block: Buckler           |       |       |       |   112 |   200 ||   312
